 Dungeon Crawl Stone Soup version 0.19-a0-934-gf1df8d1 (webtiles) character file.

5414 retryentry the Carver (level 10, 0/132 HPs)
             Began as a Demigod Fighter on July 7, 2016.
             Slain by a troll (4 damage)
             ... on level 9 of the Dungeon.
             The game lasted 00:23:20 (9262 turns).

retryentry the Carver (Demigod Fighter)             Turns: 9262, Time: 00:23:21

Health: 0/132      AC: 14    Str: 27    XL:     10   Next: 17%
Magic:  18/18      EV:  5    Int: 12    God:
Gold:   199        SH: 10    Dex: 21    Spells: 0 memorised, 9 levels left

rFire  . . .     SeeInvis .     a - +1 long sword
rCold  . . .     Gourm    .     K - +0 plate armour
rNeg   . . .     Faith    .     c - +0 shield
rPois  .         Spirit   .     (no helmet)
rElec  .         Dismiss  .     (no cloak)
rCorr  .         Reflect  .     n - +2 pair of gloves
SustAt +         Harm     .     (no boots)
MR     +....                    s - amulet of rage
Stlth  ..........               (no ring)
                                y - +3 ring of strength

@: berserking, drained, very quick, somewhat resistant to hostile enchantments,
extremely unstealthy
A: high mp 1, sustain attributes
a: Evoke Berserk Rage


You were on level 9 of the Dungeon.
You were not hungry.

You visited 1 branch of the dungeon, and saw 9 of its levels.
You also visited: Sewer and Bailey.

You collected 513 gold pieces.
You spent 314 gold pieces at shops.

Inventory:

Hand Weapons
 a - a +1 long sword (weapon)
 t - a -3 blowgun
Missiles
 e - 7 tomahawks
 u - 15 poisoned needles
 w - 25 javelins (quivered)
Armour
 c - a +0 shield (worn)
 n - a +2 pair of gloves (worn)
 K - a +0 plate armour (worn)
Jewellery
 o - an uncursed ring of ice
 q - an uncursed amulet of guardian spirit
 s - an amulet of rage (around neck)
 y - a +3 ring of strength (left hand)
Wands
 h - a wand of digging (13/24)
 j - a wand of polymorph (12/24)
 B - a wand of slowing (26/48)
 E - a wand of acid (6/15)
 G - a wand of paralysis (9/24)
 I - a wand of lightning (2/15)
 J - a wand of polymorph (10/24)
Scrolls
 k - 4 scrolls of teleportation
 m - 5 scrolls of blinking
 p - 4 scrolls of amnesia
 x - 6 scrolls of remove curse
 F - a scroll of identify
Potions
 d - a potion of might
 g - 4 potions of curing
 r - 2 potions of lignification
 A - 2 potions of flight
 C - a potion of invisibility
 D - 3 potions of heal wounds
Miscellaneous
 L - a lamp of fire
Comestibles
 b - a beef jerky
 f - 6 bread rations
 i - 17 fruits
 l - 6 meat rations
 v - 2 royal jellies
 z - a slice of pizza


   Skills:
 + Level 8.3(7.9) Fighting
 + Level 9.5(9.1) Long Blades
 - Level 2.7(2.3) Armour
 + Level 1.9(1.5) Dodging
 - Level 2.6(2.3) Shields
 + Level 7.0(6.6) Evocations


You had 9 spell levels left.
You didn't know any spells.

Dungeon Overview and Level Annotations

Branches:
Dungeon (9/15)             Temple (0/1) D:7            Lair (0/6) D:8
    Orc: D:9-12

Shops:
D:6 *}   D:7 }


Innate Abilities, Weirdness & Mutations

You have an increased reservoir of magic. (+10% MP)
Your attributes are resistant to harm.


Message History

You slash the troll!
The troll is heavily wounded.
The troll bites you!
* * * LOW HITPOINT WARNING * * *
The troll claws you!
* * * LOW HITPOINT WARNING * * *
The troll claws you.
* * * LOW HITPOINT WARNING * * *
You closely miss the troll.
The troll is heavily wounded.
The troll barely misses you. The troll claws you.
* * * LOW HITPOINT WARNING * * *
The troll claws you but does no damage.
Unknown command.
You hit the troll.
The troll is heavily wounded.
You slash the troll!
The troll is severely wounded.
The troll bites you.
You die...

#.#
......##.#)......####..
#.# ...... #.#########
#.. ###.####..... ..#
#.. #......(.# ##.. #..
#.#......##..... ##.
#.#.....(...# .# #####
#. #.#......#### .#
##...## ###.
#.#......#####.#
##.....###"..
#......#....T@.#
#.......##...
##########.#####
#............ #.##
#.......#.... #T/#
#...[...#.... ##.#
#.#........## #.#
#.#......#.# $.#
#..#..####### ...
#######≈≈≈≈≈# ....
#≈≈≈≈≈≈≈


You could see a troll.

Vanquished Creatures
  A hill giant (D:9)
  Pikel (D:7)
  Sigmund (D:4)
  A wyvern (D:9)
  A hippogriff (D:8)
  A hungry ghost (D:9)
  3 wargs (D:8)
  Menkaure (D:7)
  A water moccasin (D:8)
  5 orc warriors
  A sky beast (D:6)
  2 phantoms
  Purgy (Sewer)
  A black bear (D:7)
  2 ice beasts
  An ogre (D:3)
  A centaur (D:6)
  2 giant frogs
  4 scorpions
  3 wights (D:8)
  The ghost of tstbtto the Slasher, a weakling HEFi (D:3)
  2 howler monkeys
  4 crimson imps
  A centaur zombie (D:9)
  A giant frog zombie (D:6)
  2 hounds
  A jelly (D:6)
  10 orc priests
  A giant frog skeleton (D:6)
  13 orc wizards
  2 iguanas (D:6)
  A gnoll shaman (D:9)
  9 worker ants
  3 gnolls (D:9)
  2 worker ant zombies
  9 adders
  A shadow imp (D:8)
  A dart slug (D:1)
  7 giant geckos
  41 orcs
  A ball python (D:3)
  9 giant cockroaches
  11 goblins
  8 hobgoblins
  12 jackals
  5 quokkas
  4 bats
  A giant gecko skeleton (D:6)
  7 giant newts
  8 kobolds
  7 rats
219 creatures vanquished.

Vanquished Creatures (others)
  2 fungi (D:9)
2 creatures vanquished.

Grand Total: 221 creatures vanquished

Notes
Turn   | Place    | Note
-------+----------+-------------------------------------------
     0 | D:1      | retryentry the Demigod Fighter began the quest for the Orb.
     0 | D:1      | Reached XP level 1. HP: 18/18 MP: 3/3
   176 | D:1      | Reached skill level 2 in Long Blades
   319 | D:1      | Reached XP level 2. HP: 20/26 MP: 4/4
   868 | D:2      | Found a hazy altar of Hepliaklqana.
  1024 | D:2      | Reached XP level 3. HP: 29/31 MP: 5/5
  1520 | D:3      | Noticed tstbtto's ghost (weakling HEFi)
  1547 | D:3      | Killed tstbtto's ghost
  1547 | D:3      | Reached skill level 1 in Evocations
  1547 | D:3      | Reached XP level 4. HP: 19/40 MP: 5/7
  1711 | D:3      | Reached skill level 3 in Long Blades
  1825 | D:3      | Noticed an ogre
  2430 | D:3      | Reached XP level 5. HP: 46/46 MP: 8/8
  2575 | D:3      | Killed an ogre
  2782 | D:4      | Found a shadowy altar of Dithmenos.
  2802 | D:4      | Noticed Sigmund
  2815 | D:4      | Killed Sigmund
  2815 | D:4      | Reached skill level 4 in Long Blades
  2815 | D:4      | Reached XP level 6. HP: 53/53 MP: 10/10
  3215 | D:4      | Reached skill level 5 in Fighting
  3357 | D:4      | Reached XP level 7. HP: 37/61 MP: 12/12
  3822 | D:5      | Entered Level 5 of the Dungeon
  3884 | D:5      | Found an iron altar of Okawaru.
  3902 | D:5      | Reached skill level 5 in Long Blades
  4109 | D:5      | Got a pair of faintly glowing gloves
  4120 | D:5      | Identified the cursed -5 pair of gloves "Jolol" {Str+2} (You found it on level 5 of the Dungeon)
  4792 | D:6      | Found a glowing drain.
  4819 | Sewer    | Entered a sewer
  5060 | Sewer    | Noticed Purgy
  5066 | Sewer    | Killed Purgy
  5066 | Sewer    | Reached skill level 6 in Long Blades
  5254 | D:6      | Found Wisecs's General Store.
  5269 | D:6      | Bought a wand of paralysis (9/24) for 154 gold pieces
  5269 | D:6      | Bought a scroll of identify for 28 gold pieces
  5291 | D:6      | Found Subleoxu's Gadget Shop.
  5302 | D:6      | Reached XP level 8. HP: 70/70 MP: 14/14
  5956 | D:7      | Found Sofie's Gadget Shoppe.
  5962 | D:7      | Bought a wand of lightning (8/15) for 132 gold pieces
  6074 | D:7      | Reached skill level 7 in Long Blades
  6184 | D:7      | Found a staircase to the Ecumenical Temple.
  6412 | D:7      | Noticed Menkaure
  6420 | D:7      | Killed Menkaure
  6420 | D:7      | Reached skill level 1 in Dodging
  6423 | D:7      | Reached skill level 5 in Evocations
  6638 | D:7      | Found a glowing silver altar of Zin.
  6638 | D:7      | Noticed Pikel
  6647 | D:7      | Killed Pikel
  6647 | D:7      | Reached XP level 9. HP: 78/78 MP: 14/16
  6649 | D:7      | Noticed an angel
  6674 | D:7      | Found a roughly hewn altar of Beogh.
  6845 | D:8      | Reached skill level 8 in Long Blades
  6990 | D:8      | Found a staircase to the Lair.
  7190 | D:8      | Found a flagged portal.
  7213 | Bailey   | Entered a bailey
  7214 | Bailey   | Noticed an orc knight
  7270 | Bailey   | Noticed an orc knight
  7662 | D:8      | Reached skill level 9 in Long Blades
  8072 | D:9      | Found a bloodstained altar of Trog.
  8474 | D:9      | Found a blossoming altar of Fedhas.
  8572 | D:9      | Noticed a hill giant
  8588 | D:9      | Killed a hill giant
  8588 | D:9      | Reached XP level 10. HP: 40/88 MP: 18/18
  8852 | D:9      | Found a deep blue altar of Sif Muna.
  9186 | D:9      | Found a basalt altar of Yredelemnul.
  9260 | D:9      | HP: 4/132 [troll (5)]
  9262 | D:9      | Slain by a troll

Vault maps used:
D:1:      saegor_arrival_under_anarchy
D:2:      nicolae_overflow_crystal_walls, eino_curves_01, lightli_corner_chamber
D:4:      first_bread, grunt_dithmenos_smoke, uniq_sigmund
D:5:      okawaru_trees_2
D:6:      serial_shops, shop, nicolae_shop_trees, portal_sewer_entry_a
D:7:      zin_angel, serial_shops, shop, david_defended_altar_orc,
          uniq_menkaure, uniq_pikel
D:8:      erik_lair_orcish_takeover, enter_bailey_3
D:9:      kennysheep_mini, led_sif_pool, basic_altar, blue_anna_alchemist,
          fedhas_altar_3
Sewer:    kennysheep_door_sewer
Bailey:   bailey_polearm_4, bailey

Skill      XL: |  1  2  3  4  5  6  7  8  9 10 |
---------------+-------------------------------+-----
Fighting       | 3 4 5 6 8 |  8.3
Long Blades    | 2 3 4 6 7 9 |  9.5
Evocations     | 1 2 3 5 6 7 |  7.0
Dodging        | 1 |  1.9
Armour         | |  2.7
Shields        | |  2.6

Action                   |  1- 3 |  4- 6 |  7- 9 | 10-12 || total
-------------------------+-------+-------+-------+-------++-------
Melee: Long sword        |   126 |   206 |   629 |    52 ||  1013
Throw: Javelin           |       |    11 |     3 |       ||    14
 Abil: Evoke Berserk Rag |       |     3 |    13 |     1 ||    17
Evoke: Wand              |       |     4 |     8 |     7 ||    19
  Use: Scroll            |       |       |    16 |       ||    16
 Stab: Paralysed         |       |       |     8 |     4 ||    12
  Eat: Chunk             |     1 |     9 |    26 |     3 ||    39
       Pizza             |       |       |     1 |       ||     1
Armor: Scale mail        |     9 |       |       |       ||     9
       Chain mail        |    51 |   128 |   130 |       ||   309
       Plate armour      |       |       |   145 |    26 ||   171
Dodge: Dodged            |    19 |    31 |    93 |     7 ||   150
Block: Shield            |    60 |    81 |   270 |    21 ||   432
